 Dungeon Crawl Stone Soup version 0.17.1-2-g5865329 (webtiles) character file.

27955 Metrazal the Spry (level 13, -6/57 HPs)
             Began as a Spriggan Assassin on Jan 10, 2016.
             Shot with an arrow by a centaur warrior (26 damage)
             ... on level 15 of the Dungeon on Jan 16, 2016.
             The game lasted 09:16:33 (42395 turns).

Metrazal the Spry (Spriggan Assassin)              Turns: 42395, Time: 09:16:33

Health: -6/57      AC:  3    Str:  9    XL:     13   Next: 7%
Magic:  5/5        EV: 38    Int: 13    God:
Gold:   1131       SH:  0    Dex: 22    Spells: 0 memorised, 12 levels left

rFire  + + +     SeeInvis +     L - +5 dagger of the Abyss {pierce, rF+++ MR- MP-9 Str+2}
rCold  . . .     Clarity  .     c - +0 robe
rNeg   . . .     SustAt   .     (shield restricted)
rPois  +         Gourm    .     (helmet restricted)
rElec  .         Spirit   .     d - +0 cloak
rCorr  .         Warding  .     (gloves unavailable)
rMut   .         Stasis   .     (boots unavailable)
MR     +....                    (no amulet)
Stlth  ++++......               Y - ring of see invisible
                                K - ring of poison resistance

@: very quick, somewhat resistant to hostile enchantments, stealthy
A: unfitting armour, see invisible, herbivore 3, speed 3, slow metabolism 2
a: no special abilities


You were on level 15 of the Dungeon.
You were hungry.

You visited 2 branches of the dungeon, and saw 21 of its levels.
You also visited: Sewer.

You collected 1131 gold pieces.

Inventory:

Hand Weapons
 b - a +0 blowgun
 t - a +0 hunting sling
 L - the +5 dagger of the Abyss (weapon) {pierce, rF+++ MR- MP-9 Str+2}
   (You found it on level 4 of the Lair of Beasts)

   It inflicts extra damage upon your enemies.
   It affects your strength (+2).
   It renders you almost immune to fire.
   It affects your resistance to hostile enchantments.
   It affects your magic capacity (-9).
 R - a +3 dagger
Missiles
 T - 4 needles of sleeping
Armour
 c - a +0 robe (worn)
 d - a +0 cloak (worn)
Jewellery
 K - a ring of poison resistance (left hand)
 Y - a ring of see invisible (right hand)
Wands
 a - a wand of heal wounds (0)
 f - a wand of confusion (18)
 i - a wand of slowing (21)
 A - a wand of slowing (18)
 D - a wand of cold (0)
 N - a wand of slowing (21)
 S - a wand of digging (7)
 W - a wand of cold (0)
 Z - a wand of lightning (4)
Scrolls
 h - 2 scrolls of enchant armour {unknown}
 l - a scroll of silence {unknown}
 n - 2 scrolls of fog {unknown}
 p - 5 scrolls of amnesia
 q - a scroll of enchant weapon {unknown}
 y - 2 scrolls of random uselessness {unknown}
 I - a scroll of blinking
 J - 2 scrolls of immolation {unknown}
 M - a scroll of magic mapping {unknown}
 O - a scroll of fear {unknown}
 V - 3 scrolls of remove curse
Potions
 e - 2 potions of might {unknown}
 j - a potion of beneficial mutation {unknown}
 m - 2 potions of degeneration {unknown}
 o - 4 potions of curing
 r - 5 potions of brilliance {unknown}
 u - a potion of invisibility {unknown}
 v - 3 potions of haste {unknown}
 w - 5 potions of mutation {unknown}
 x - a potion of cancellation {unknown}
 z - 3 potions of poison {unknown}
 C - a potion of resistance {unknown}
 E - 2 potions of lignification {unknown}
 F - a potion of heal wounds
 G - 4 potions of flight {unknown}
 P - 5 potions of agility {unknown}
 Q - a potion of ambrosia {unknown}
 U - 2 potions of cure mutation {unknown}
Books
 B - a book of Alchemy

   Spells                             Type                      Level
   a - Sublimation of Blood           Necromancy                   2
   b - Ignite Poison                  Fire/Transmutation/Poison    3
   c - Alistair's Intoxication        Transmutation/Poison         4
   d - Condensation Shield            Ice                          4
   e - Petrify                        Transmutation/Earth          4
   f - Irradiate                      Conjuration/Transmutation    5
Comestibles
 g - 9 bread rations
 s - 12 fruits


   Skills:
 - Level 1.5 Fighting
 - Level 2.1 Short Blades
 + Level 17.4(17.5) Slings
 - Level 2.0(10.3) Throwing
 + Level 20.3 Dodging
 - Level 5.8 Stealth


You had 12 spell levels left.
You didn't know any spells.

Dungeon Overview and Level Annotations

Branches:
Dungeon (15/15)            Temple (0/1) D:7            Lair (6/8) D:11
  Snake (0/4) Lair:4          Orc (0/4) D:12
  Swamp: Lair:3-6    Shoals: Lair:3-6     Slime: Lair:6-8    Vaults: D:13-14
 Depths: D:15

Altars:
Ashenzari
Dithmenos
Elyvilon
Fedhas
Gozag
Makhleb
Okawaru
Qazlal
Trog
Xom
Zin
Beogh

Shops:
D:4 :*

Annotations:
D:5 Gargoyl's ghost, amateur DsAK
D:10 murphy's ghost, novice OpTm
D:12 Kirke
Lair:1 Gastronok; Nergalle
Lair:2 Fannar
Lair:3 exclusion: 3 oklob plants
Lair:4 Sonja
Lair:5 DarthKuruptios's ghost, journeyman MiBe


Innate Abilities, Weirdness & Mutations

You are tiny and cannot use many weapons and most armour.
You have supernaturally acute eyesight.
You are a herbivore.
You cover ground extremely quickly.
You need consume almost no food.


Message History

5 large rocks; a cyclops skeleton
Things that are here:
a large rock; a sheep skeleton You see here a sheep skeleton.
Found a club and 22 poisoned needles.
You start resting.
A steam dragon and a yaktaur come into view.
A centaur warrior comes into view.
The centaur warrior wields a shortbow.
The centaur warrior shoots an arrow.
The arrow misses you.
You see here an arrow.
The centaur warrior shoots an arrow.
The arrow completely misses you.
The centaur warrior shoots an arrow.
The arrow completely misses you.
The centaur warrior shoots an arrow.
The arrow misses you.
The centaur warrior shoots an arrow.
The arrow completely misses you.
You see here an arrow.
The centaur warrior shoots an arrow.
The arrow completely misses you.
You see here an arrow.
The centaur warrior shoots an arrow.
The arrow hits you!!
You die...

.... .....# ...... .
.....###.. ........
#####...# ##....##.####
#......#.@(.## #
#......####..# .#
####..<.((.)##(#####(..
#......(###).#(.....(#
#(.....รท# ##).....#..#
#.......#####........#
#.........###.....c..##
#......c#...##(D......#
#.......###..##(##.##.#


You could see a centaur warrior.

Vanquished Creatures
  Urug (Lair:1)
  A hill giant (D:15)
  A cyclops (D:15)
  Maurice (D:10)
  8 black mambas
  2 centaur zombies
  4 spiny frogs
  2 gargoyles
  A komodo dragon (Lair:3)
  3 trolls
  A spriggan druid (Lair:4)
  A polar bear (Lair:4)
  A queen bee (D:8)
  2 blink frogs
  3 two-headed ogres
  A shadow (D:15)
  A wyvern (D:8)
  2 deep elf magi
  4 hogs (D:12)
  18 yaks
  6 hippogriffs
  A wolf (Lair:4)
  A soldier ant (D:14)
  2 mottled dragons
  A basilisk (Lair:2)
  A hungry ghost (D:9)
  10 water moccasins
  9 porcupines
  7 orc warriors
  A wasp (D:7)
  4 sky beasts
  2 eyes of draining (D:12)
  4 black bears
  8 ogres
  2 phantoms
  2 necrophages
  5 ice beasts
  2 centaurs
  17 crocodiles
  3 big kobolds
  15 giant frogs
  A water moccasin skeleton (D:7)
  A wyvern skeleton (D:11)
  4 scorpions
  33 killer bees
  15 wights
  7 hounds
  5 crimson imps
  3 giant frog zombies
  3 giant frog skeletons
  3 quasits
  6 iguanas
  11 orc priests
  3 centaur skeletons
  2 jellies
  19 orc wizards
  Terence (D:3)
  8 worker ants
  21 sheep
  A hound zombie (D:8)
  4 hound skeletons
  A worker ant zombie (D:6)
  2 gnolls
  14 adders
  21 river rats
  5 shadow imps
  An ooze (D:1)
  An adder skeleton (D:6)
  An adder zombie (D:7)
  5 worms
  7 giant geckos
  72 orcs
  2 ball pythons (Lair:4)
  8 bats
  15 giant cockroaches
  A goblin (D:2)
  5 hobgoblins
  19 jackals
  9 quokkas
  A giant newt (D:6)
  24 kobolds
  14 rats
  A plant (Lair:1)
541 creatures vanquished.

Vanquished Creatures (others)
  An iguana (Lair:1)
  A quokka (D:5)
  5 fungi
  9 plants
16 creatures vanquished.

Grand Total: 557 creatures vanquished

Notes
Turn   | Place    | Note
--------------------------------------------------------------
     0 | D:1      | Metrazal the Spriggan Assassin began the quest for the Orb.
     0 | D:1      | Reached XP level 1. HP: 10/10 MP: 2/2
   355 | D:1      | Reached XP level 2. HP: 11/14 MP: 3/3
  1064 | D:1      | Reached XP level 3. HP: 18/18 MP: 4/4
  1791 | D:2      | Reached skill level 1 in Slings
  1833 | D:2      | Found a shimmering altar of Xom.
  1962 | D:2      | Reached skill level 5 in Dodging
  2049 | D:2      | Reached XP level 4. HP: 22/22 MP: 5/5
  3256 | D:3      | Reached skill level 6 in Dodging
  3256 | D:3      | Reached XP level 5. HP: 14/25 MP: 6/6
  3759 | D:3      | Noticed Terence
  3773 | D:3      | Killed Terence
  4285 | D:4      | Reached XP level 6. HP: 28/30 MP: 7/7
  4753 | D:4      | Found a glowing drain.
  4770 | Sewer    | Entered a sewer
  4975 | D:4      | Reached skill level 5 in Slings
  4975 | D:4      | Reached skill level 7 in Dodging
  5311 | D:4      | Found Bishi's Book Shop.
  5311 | D:4      | Noticed an ogre
  5331 | D:4      | Killed an ogre
  5510 | D:4      | Found Zin's Purification Station.
  5528 | D:4      | Found a glowing silver altar of Zin.
  5666 | D:4      | Reached skill level 8 in Dodging
  5666 | D:4      | Reached XP level 7. HP: 33/33 MP: 8/8
  5953 | D:5      | Entered Level 5 of the Dungeon
  5953 | D:5      | Noticed Gargoyl's ghost (amateur DsAK)
  7023 | D:4      | Reached skill level 9 in Dodging
  7124 | D:5      | Found a white marble altar of Elyvilon.
  8262 | D:5      | Found an opulent altar of Gozag.
  8875 | D:6      | Reached XP level 8. HP: 32/37 MP: 9/9
  9124 | D:6      | Noticed a two-headed ogre
  9162 | D:6      | Killed a two-headed ogre
  9162 | D:6      | Reached skill level 10 in Dodging
  9519 | D:6      | Found a burning altar of Makhleb.
 10136 | D:6      | You fall through a shaft for 2 floors!
 10200 | D:7      | Reached skill level 11 in Dodging
 10465 | D:6      | Found a shadowy altar of Dithmenos.
 10950 | D:7      | Found an iron altar of Okawaru.
 11045 | D:7      | Found a stormy altar of Qazlal.
 11320 | D:7      | Reached XP level 9. HP: 34/41 MP: 10/10
 11519 | D:7      | Reached skill level 12 in Dodging
 11760 | D:7      | Found a blossoming altar of Fedhas.
 11871 | D:7      | Noticed a two-headed ogre
 11885 | D:7      | Killed a two-headed ogre
 11885 | D:7      | Reached skill level 10 in Slings
 12475 | D:7      | Found a staircase to the Ecumenical Temple.
 12895 | D:8      | Reached skill level 13 in Dodging
 13094 | D:8      | Found a bloodstained altar of Trog.
 13153 | D:8      | Found a shattered altar of Ashenzari.
 14229 | D:7      | Reached skill level 14 in Dodging
 14306 | D:8      | Found a roughly hewn altar of Beogh.
 14338 | D:7      | Reached XP level 10. HP: 34/46 MP: 11/11
 14604 | D:8      | Noticed a gargoyle
 14662 | D:8      | Killed a gargoyle
 17948 | D:8      | Reached skill level 15 in Dodging
 20116 | D:10     | Entered Level 10 of the Dungeon
 20528 | D:9      | Reached skill level 16 in Dodging
 21197 | D:9      | Reached XP level 11. HP: 28/49 MP: 12/12
 22060 | D:10     | Noticed murphy's ghost (novice OpTm)
 22605 | D:9      | Found an opulent altar of Gozag.
 23831 | D:10     | Noticed Maurice
 23876 | D:10     | Killed Maurice
 26233 | D:11     | Reached skill level 17 in Dodging
 26741 | D:11     | Found a staircase to the Lair.
 27466 | D:12     | Noticed Kirke
 28406 | D:12     | Reached skill level 15 in Slings
 28477 | D:12     | Noticed an unseen horror
 30494 | D:12     | Found a staircase to the Orcish Mines.
 30510 | D:12     | Reached skill level 18 in Dodging
 30688 | D:12     | Noticed an unseen horror
 30731 | D:12     | Noticed a four-headed hydra
 30757 | D:13     | Noticed a centaur warrior
 31119 | Lair:1   | Entered Level 1 of the Lair of Beasts
 31122 | Lair:1   | Noticed a seven-headed hydra
 31297 | Lair:1   | Noticed an eight-headed hydra
 31380 | Lair:1   | Noticed Gastronok
 31856 | Lair:1   | Noticed Urug
 32018 | Lair:1   | Killed Urug
 32181 | Lair:1   | Reached XP level 12. HP: 47/53 MP: 13/13
 32817 | Lair:1   | You fall through a shaft!
 33162 | Lair:1   | Noticed a six-headed hydra
 33298 | Lair:2   | Noticed Nergalle
 33871 | Lair:2   | Noticed Fannar
 35596 | Lair:3   | Reached skill level 19 in Dodging
 35809 | Lair:3   | Found a runed door.
 36608 | Lair:3   | Noticed a four-headed hydra
 37042 | Lair:4   | Noticed Sonja
 37794 | Lair:4   | Found a staircase to the Snake Pit.
 38375 | Lair:4   | Noticed a seven-headed hydra
 38934 | Lair:4   | Got a scorched dagger
 38941 | Lair:4   | Identified the +5 dagger of the Abyss {pierce, rF+++ MR- MP-9 Str+2} (You found it on level 4 of the Lair of Beasts)
 39211 | Lair:5   | Noticed DarthKuruptios's ghost (journeyman MiBe)
 39513 | Lair:6   | Reached skill level 20 in Dodging
 41157 | D:13     | Noticed a centaur warrior
 41958 | D:14     | Reached XP level 13. HP: 57/57 MP: 5/14
 41989 | D:15     | Entered Level 15 of the Dungeon
 42395 | D:15     | Shot with an arrow by a centaur warrior

Action                   |  1- 3 |  4- 6 |  7- 9 | 10-12 | 13-15 || total
-------------------------+-------+-------+-------+-------+-------++-------
Melee: Whip              |       |       |    60 |       |       ||    60
       Dagger            |       |       |       |   873 |   100 ||   973
 Fire: Blowgun           |    46 |    43 |   174 |   104 |       ||   367
       Hunting sling     |     8 |   249 |   762 |  2539 |     4 ||  3562
Throw: Stone             |       |     1 |   242 |     4 |       ||   247
       Tomahawk          |       |       |       |    50 |       ||    50
Evoke: Wand              |       |       |       |    79 |     4 ||    83
  Use: Scroll            |       |       |     2 |    21 |       ||    23
       Potion            |       |       |       |    11 |       ||    11
 Stab: Sleeping          |    19 |       |    10 |    18 |       ||    47
       Distracted        |       |     1 |       |     5 |       ||     6
       Confused          |       |       |       |     2 |       ||     2
  Eat: Fruit             |       |     1 |     1 |     4 |       ||     6
       Bread ration      |       |       |     1 |       |       ||     1
       Pizza             |       |       |       |     3 |       ||     3
       Royal jelly       |       |       |       |     8 |       ||     8
